AoeStats
← mryendl2410

Arabia

509270758Analyzed
2v2 RM · 6d ago on Sep 26, 2026· 54m 39s· 4 players
Game mode
Random Map
Map size
Medium (4 player)
Population
200
Speed
Normal
Resources
Standard
Victory
Conquest
Starting age
Dark Age
Ending age
Imperial Age
RankedLock teamsTeams togetherTeam positionsShared explorationLock speedFull tech treeHidden civsTurbo modeCheats
Victory
Defeat
🇺🇸 Saxons · United States
1419
+14
🇨🇦 Franks · Canada
1274
+21
🇻🇳 Ethiopians · Vietnam
1417
-19
🇺🇸 Varangians · United States
1304
-14
Roy
10:41 Feudal Age
12:15 Loom
24:29 Castle Age
26:20 Scale Barding Armor
26:26 Forging
29:14 Double-Bit Axe
30:27 Gold Mining
34:11 Iron Casting
34:33 Wheelbarrow
37:18 Gold Shaft Mining
41:19 Chain Barding Armor
41:31 Bow Saw
41:27 Husbandry
49:30 Imperial Age
47:16 Hand Cart
47:02 Stone Mining
47:43 Town Watch
52:14 Plate Barding Armor
52:40 Blast Furnace
51:05 Cavalier
52:36 Town Patrol
Applejack (Pleb)
5:22 Loom
5:25 Loom
8:23 Feudal Age
11:59 Fletching
22:22 Castle Age
21:58 Padded Archer Armor
21:58 Double-Bit Axe
22:07 Gold Mining
22:25 Crossbowman
23:13 Bodkin Arrow
26:50 Ballistics
27:12 Bow Saw
32:04 Leather Archer Armor
32:47 Thumb Ring
33:43 Wheelbarrow
37:38 Imperial Age
35:39 Hand Cart
36:41 Horse Collar
38:50 Bracer
39:10 Arbalester
41:50 Chemistry
43:48 Conscription
50:40 Elite Skirmisher
52:30 Coinage
52:01 Caravan
53:24 Ring Archer Armor
cory2045
6:50 Loom
9:34 Feudal Age
10:30 Double-Bit Axe
15:17 Bloodlines
15:48 Scale Mail Armor
17:04 Scale Mail Armor
17:19 Scale Barding Armor
27:36 Forging
28:10 Scale Mail Armor
28:39 Horse Collar
36:11 Castle Age
36:59 Scale Mail Armor
37:04 Light Cavalry
38:37 Iron Casting
39:14 Scale Mail Armor
39:35 Chain Barding Armor
39:41 Chain Barding Armor
39:44 Scale Mail Armor
39:53 Husbandry
43:20 Wheelbarrow
mryendl2410
6:36 Loom
9:01 Feudal Age
9:47 Double-Bit Axe
13:41 Fletching
17:56 Horse Collar
23:56 Castle Age
22:48 Padded Archer Armor
23:59 Crossbowman
25:09 Thumb Ring
25:00 Bodkin Arrow
27:25 Ballistics
28:29 Wheelbarrow
28:50 Bow Saw
28:32 Gold Mining
29:49 Leather Archer Armor
31:27 Heavy Plow
32:05 Gold Shaft Mining
40:10 Imperial Age
40:37 Imperial Age
41:20 Bracer
42:27 Chemistry
45:01 Ring Archer Armor
44:40 Elite Skirmisher
52:22 Arbalester
Connection lost

Rejoining the realm…

Still unreachable

The connection could not be restored.

Session expired

The server has moved on; the page needs a fresh start.